 Dungeon Crawl Stone Soup version 0.26-b1-52-g61e05abef2 (webtiles) character file.

Game seed: 4330909614362539878

14798738 Forgeling the Invulnerable (level 27, 249/249 HPs)
             Began as a Barachi Delver on Jan 6, 2021.
             Was the Champion of the Shining One.
             Escaped with the Orb
             ... and 15 runes on Jan 7, 2021!
             The game lasted 04:40:05 (106917 turns).

Forgeling the Invulnerable (Barachi Delver)       Turns: 106917, Time: 04:40:06

Health: 249/249    AC: 60    Str: 29    XL:     27
Magic:  36/36      EV: 27    Int: 12    God:    the Shining One [******]
Gold:   12921      SH: 21    Dex: 28    Spells: 26/26 levels left

rFire    + + +     SeeInvis .   a - +9 double sword (holy)
rCold    + . .     Faith    .   O - +1 kite shield {AC+3}
rNeg     + + +     Spirit   .   o - +12 gold dragon scales
rPois    +         Reflect  .   j - +4 hat "Uclant" {+Inv rN+ Str-3 Slay+2}
rElec    +         Harm     .   e - +4 dragonskin cloak
rCorr    .         Rampage  +   n - +2 pair of gloves {Str+3}
Will     +++++                  g - +2 pair of boots {rampage}
Stlth    ..........             p - amulet "Faem" {rF+ Regen+ Str+2}
HPRegen  0.91/turn              s - ring of Fune {rElec Will+ Str+4 Int-5 Dex+6}
MPRegen  0.25/turn              f - ring of Ystrojei {Will+ Dex+7 Slay+4}

@: glowing, slow
A: +LOS, swims, hooves 1, blink, clever 2, low mp 1, strong-willed 1, slowness
1, MP-powered wands, strong legs 2
0: Orb of Zot
}: 15/15 runes: barnacled, slimy, silver, golden, iron, obsidian, icy, bone,
abyssal, demonic, glowing, magical, fiery, dark, gossamer
a: Hop, Blink, Renounce Religion, Evoke Invisibility, Divine Shield, Cleansing
Flame, Summon Divine Warrior


You escaped.
You worshipped the Shining One.
The Shining One was exalted by your worship.
You visited 18 branches of the dungeon, and saw 88 of its levels.
You visited Pandemonium 2 times, and saw 15 of its levels.
You visited the Abyss 1 time.
You also visited: Trove, Ice Cave and Desolation.

You collected 18091 gold pieces.
You spent 5170 gold pieces at shops.

Inventory:

Hand Weapons
 a - a +9 double sword of holy wrath (weapon)
 b - the +2 Maxwell's thermic engine {flame, freeze}
   (You found it in the Desolation of Salt)

   It has been specially enchanted to burn those struck by it, causing extra
   injury to most foes and up to half again as much damage against particularly
   susceptible opponents.
   Big, fiery blades are also staple armaments of hydra-hunters.
   It has been specially enchanted to freeze those struck by it, causing extra
   injury to most foes and up to half again as much damage against particularly
   susceptible opponents.
Missiles
 c - 13 boomerangs
 t - 4 silver boomerangs
 u - 10 throwing nets
 x - 76 silver javelins (quivered)
 y - 27 boomerangs of dispersal
 P - 104 javelins
Armour
 e - the +4 dragonskin cloak (worn)
   (You took it off Tiamat on level 2 of the Realm of Zot)
 g - a +2 pair of boots of rampaging (worn)
 j - the +4 hat "Uclant" (worn) {+Inv rN+ Str-3 Slay+2}
   (Okawaru gifted it to you on level 1 of the Lair of Beasts)

   It affects your strength (-3).
   It affects your accuracy and damage with ranged weapons and melee attacks
   (+2).
   It protects you from negative energy.
   It lets you turn invisible.
 n - a +2 pair of gloves of strength (worn)
 o - +12 gold dragon scales (worn)
 O - a +1 kite shield of protection (worn)
Jewellery
 f - the ring of Ystrojei (right hand) {Will+ Dex+7 Slay+4}
   (You took it off a wizard on level 3 of the Depths)

   [ring of slaying]

   It affects your dexterity (+7).
   It affects your accuracy and damage with ranged weapons and melee attacks
   (+4).
   It affects your willpower, your defense against some magical effects.
 p - the amulet "Faem" (around neck) {rF+ Regen+ Str+2}
   (You found it in a treasure trove)

   [amulet of regeneration]

   It affects your strength (+2).
   It protects you from fire.
   It increases your rate of regeneration.
 q - the amulet "Apounea" {Regen+ Slay+6 Stlth+}
   (You bought it in a shop on level 8 of the Dungeon)

   [amulet of regeneration]

   It affects your accuracy and damage with ranged weapons and melee attacks
   (+6).
   It increases your rate of regeneration.
   It makes you more stealthy.
 s - the ring of Fune (left hand) {rElec Will+ Str+4 Int-5 Dex+6}
   (You took it off an orc knight on level 1 of the Vaults)

   [ring of dexterity]

   It affects your strength (+4).
   It affects your intelligence (-5).
   It affects your dexterity (+6).
   It insulates you from electricity.
   It affects your willpower, your defense against some magical effects.
Wands
 d - a wand of digging (27)
 h - a wand of acid (49)
 i - a wand of iceblast (38)
Scrolls
 A - 3 scrolls of enchant weapon
 B - 2 scrolls of enchant armour
 D - 18 scrolls of blinking
 E - 10 scrolls of fear
 F - 4 scrolls of fog
 K - 6 scrolls of immolation
 S - 2 scrolls of summoning
 U - 47 scrolls of remove curse {@r2}
 W - 6 scrolls of brand weapon
 X - 11 scrolls of magic mapping {@r4}
 Y - 22 scrolls of teleportation {@r3}
 Z - 35 scrolls of identify {@r1}
Potions
 k - 9 potions of mutation
 l - 18 potions of attraction
 C - 2 potions of cancellation
 G - 9 potions of ambrosia
 H - 11 potions of haste
 J - 26 potions of curing {@q1}
 L - 12 potions of flight
 M - 10 potions of might
 N - 9 potions of heal wounds {@q2}
 Q - 6 potions of magic
 R - 6 potions of resistance
Miscellaneous
 m - a phantom mirror
 r - a tin of tremorstones (2/2)
 v - a lightning rod (4/4)
 w - a phial of floods
 z - a box of beasts
 V - a figurine of a ziggurat


   Skills:
 O Level 27 Fighting
 O Level 27 Long Blades
 O Level 27 Throwing
 O Level 27 Armour
 + Level 23.5 Dodging
 - Level 4.5 Stealth
 + Level 23.5 Shields
 O Level 27 Invocations
 - Level 21.0 Evocations


You had 26 spell levels left.
You didn't know any spells.
Your spell library contained the following spells:

 Spells                   Type           Power        Failure   Level
 Animate Skeleton         Necr           0%           88%         1
 Apportation              Tloc           0%           88%         1
 Beastly Appendage        Tmut           0%           88%         1
 Corona                   Hex            0%           88%         1
 Foxfire                  Conj/Fire      0%           88%         1
 Freeze                   Ice            0%           88%         1
 Magic Dart               Conj           0%           88%         1
 Pain                     Necr           0%           88%         1
 Sandblast                Erth           0%           88%         1
 Shock                    Conj/Air       0%           88%         1
 Sting                    Tmut/Pois      0%           88%         1
 Summon Small Mammal      Summ           0%           88%         1
 Blink                    Tloc           N/A          95%         2
 Call Imp                 Summ           0%           95%         2
 Corpse Rot               Necr/Air       N/A          95%         2
 Ensorcelled Hibernation  Hex/Ice        0%           95%         2
 Poisonous Vapours        Pois/Air       0%           95%         2
 Searing Ray              Conj           0%           95%         2
 Slow                     Hex            0%           95%         2
 Sublimation of Blood     Necr           0%           95%         2
 Swiftness                Air            0%           95%         2
 Wereblood                Tmut           0%           95%         2
 Call Canine Familiar     Summ           0%           99%         3
 Confusing Touch          Hex            0%           99%         3
 Conjure Flame            Conj/Fire      0%           99%         3
 Dazzling Flash           Conj/Hex       0%           99%         3
 Frozen Ramparts          Ice            0%           99%         3
 Gell's Gravitas          Tloc           0%           99%         3
 Ignite Poison            Fire/Tmut/Pois 0%           99%         3
 Inner Flame              Hex/Fire       0%           99%         3
 Lesser Beckoning         Tloc           0%           99%         3
 Mephitic Cloud           Conj/Pois/Air  0%           99%         3
 Ozocubu's Armour         Ice            0%           99%         3
 Portal Projectile        Hex/Tloc       0%           99%         3
 Spider Form              Tmut/Pois      0%           99%         3
 Static Discharge         Conj/Air       0%           99%         3
 Stone Arrow              Conj/Erth      0%           99%         3
 Summon Guardian Golem    Hex/Summ       0%           99%         3
 Tukima's Dance           Hex            0%           99%         3
 Vampiric Draining        Necr           0%           99%         3
 Airstrike                Air            0%           100%        4
 Animate Dead             Necr           0%           100%        4
 Cause Fear               Hex            0%           100%        4
 Dispel Undead            Necr           0%           100%        4
 Fulminant Prism          Conj/Hex       0%           100%        4
 Hailstorm                Conj/Ice       0%           100%        4
 Ice Form                 Ice/Tmut       0%           100%        4
 Iskenderun's Mystic Bla  Conj/Tloc      0%           100%        4
 Leda's Liquefaction      Hex/Erth       0%           100%        4
 Olgreb's Toxic Radiance  Pois           0%           100%        4
 Petrify                  Tmut/Erth      0%           100%        4
 Sticky Flame             Conj/Fire      0%           100%        4
 Summon Ice Beast         Ice/Summ       0%           100%        4
 Summon Lightning Spire   Summ/Air       0%           100%        4
 Agony                    Necr           0%           100%        5
 Alistair's Intoxication  Tmut/Pois      0%           100%        5
 Blade Hands              Tmut           0%           100%        5
 Bolt of Magma            Conj/Fire/Erth 0%           100%        5
 Borgnjor's Vile Clutch   Necr/Erth      0%           100%        5
 Excruciating Wounds      Necr           0%           100%        5
 Fireball                 Conj/Fire      0%           100%        5
 Irradiate                Conj/Tmut      0%           100%        5
 Iskenderun's Battlesphe  Conj           0%           100%        5
 Lee's Rapid Deconstruct  Erth           0%           100%        5
 Lightning Bolt           Conj/Air       0%           100%        5
 Metabolic Englaciation   Hex/Ice        0%           100%        5
 Silence                  Hex/Air        0%           100%        5
 Yara's Violent Unravell  Hex/Tmut       0%           100%        5
 Conjure Ball Lightning   Conj/Air       0%           100%        6
 Death Channel            Necr           0%           100%        6
 Dispersal                Tloc           0%           100%        6
 Eringya's Noxious Bog    Tmut/Pois      0%           100%        6
 Freezing Cloud           Conj/Ice/Air   0%           100%        6
 Hydra Form               Tmut           0%           100%        6
 Invisibility             Hex            0%           100%        6
 Iron Shot                Conj/Erth      0%           100%        6
 Ozocubu's Refrigeration  Ice            0%           100%        6
 Shadow Creatures         Summ           N/A          100%        6
 Simulacrum               Ice/Necr       0%           100%        6
 Starburst                Conj/Fire      0%           100%        6
 Statue Form              Tmut/Erth      0%           100%        6
 Dragon Form              Tmut           0%           100%        7
 Haunt                    Necr/Summ      0%           100%        7
 Malign Gateway           Summ/Tloc      0%           100%        7
 Monstrous Menagerie      Summ           0%           100%        7
 Orb of Destruction       Conj           0%           100%        7
 Spellforged Servitor     Conj/Summ      0%           100%        7
 Summon Greater Demon     Summ           0%           100%        7
 Borgnjor's Revivificati  Necr           0%           100%        8
 Discord                  Hex            0%           100%        8
 Disjunction              Tloc           0%           100%        8
 Ignition                 Fire           0%           100%        8
 Infestation              Necr           0%           100%        8
 Necromutation            Tmut/Necr      0%           100%        8
 Summon Horrible Things   Summ           0%           100%        8
 Death's Door             Necr           0%           100%        9
 Dragon's Call            Summ           0%           100%        9
 Tornado                  Air            0%           100%        9


Dungeon Overview and Level Annotations

Branches:
Dungeon (15/15)            Temple (1/1) D:7            Lair (6/6) D:11
 Shoals (4/4) Lair:3       Spider (4/4) Lair:2        Slime (5/5) Lair:6
    Orc (2/2) D:9             Elf (3/3) Orc:2        Vaults (5/5) D:13
  Crypt (3/3) Vaults:2       Tomb (3/3) Crypt:3      Depths (5/5) D:15
   Hell (visited)             Dis (7/7) Hell            Geh (7/7) Hell
    Coc (7/7) Hell            Tar (7/7) Hell            Zot (5/5) Depths:5
  IceCv (visited)         Desolation (visited)

Altars:
Ashenzari
Cheibriados
Dithmenos
Elyvilon
Fedhas
Gozag
Hepliaklqana
Kikubaaqudgha
Makhleb
Nemelex Xobeh
Okawaru
Qazlal
Ru
Sif Muna
Trog
Uskayaw
Vehumet
Wu Jian
Xom
Yredelemnul
Zin
The Shining One
Beogh
Jiyva

Shops:
D:8 =   D:13 ?   D:15 (   Orc:2 ([*?   Elf:2 }   Vaults:2 ?   Zot:2 **
Depths:2 }=}   Depths:5 ?

Portals:
Hell: Depths:1 Depths:2 Depths:3 Depths:4 Depths:5
Abyss: Depths:1 Depths:4
Pandemonium: Depths:3 Depths:4
Ziggurat: Depths:2

Annotations:
D:6 Dowan, Duvessa


Innate Abilities, Weirdness & Mutations

You can be seen from farther away. (+LOS)
You can swim through water.
You cover ground slowly.
You can hop long distances.
You have large cloven feet.
You can translocate small distances at will.
Your mind is very acute. (Int +4)
Your magical capacity is low. (-10% MP)
You are strong-willed. (Will+)
You expend magic power (3 MP) to strengthen your wands.


Message History

You slice the hellwing!!
You kill the hellwing!
A hellwing comes into view.
You slash the hellwing!
The hellwing convulses!
The hellwing is moderately wounded.
You slash the hellwing!
The hellwing convulses!
The hellwing is severely wounded.
You slice the hellwing!!
You kill the hellwing!
You slash the smoke demon!
The smoke demon convulses!
The smoke demon is heavily wounded.
You slash the smoke demon!
You kill the smoke demon!
No target in view!
No target in view!
You see here a dagger.
There is an empty arch of ancient stone here.
An Orb Guardian comes into view.
There is a staircase leading out of the dungeon here.
You have escaped!

.......#.......................##
.....).#.......#.[...........>.#.
.......############....######..#.
........## #....## #...#
.)....#..#########..### #....
.)...###...........## ###.#
###.## #........##.##### #.)..
#.# #.......###..#..######....
#.# #......##@##............##
#.# ####.###...###..###.#.....
#.# #.#...≈...######.#..... #.##
#.#.♣.≈.♣.#....#.###### #..###
#.#...≈...####......... #....##
#.#X8.≈.8.#>.....###### #..#..#
###...≈...#####..# # #..##.#
#.♣.≈.♣.# #..# # #..##.#
###...≈...#####..######


You could see an Orb Guardian.

Vanquished Creatures
  Cerebov (Pan)
  Antaeus (Coc:7)
  Asmodeus (Geh:7)
  the Royal Jelly (Slime:5)
  Ereshkigal (Tar:7)
  Gloorx Vloq (Pan)
  A seraph (Pan)
  Lom Lobon (Pan)
  the Serpent of Hell (Tar:7)
  Mnoleg (Pan)
  5 ancient liches
  Tiamat (Zot:2)
  Mennas (Vaults:5)
  Dispater (Dis:7)
  7 orbs of fire
  Mara (Vaults:4)
  A juggernaut (Depths:3)
  The ghost of Toelubet the Slayer, a veteran CeHu of Okawaru (Zot:2)
  30 royal mummies
  A shard shrike (Coc:7)
  Saint Roka (Vaults:2)
  Frederick (Tomb:3)
  The ghost of Juzit the Bludgeoner, a legendary GnFi of Cheibriados (Zot:1)
  11 Killer Klowns
  Bai Suzhen (D:15)
  Nikola (Spider:1)
  Geryon (Hell)
  The ghost of Dacon the Minotaur Blade, an adept MiGl of Gozag (Vaults:1)
  2 profane servitors
  4 curse toes
  the Enchantress (Depths:4)
  19 golden dragons
  5 pandemonium lords
  Arachne (Spider:1)
  3 doom hounds (Tar:6)
  6 bone dragons
  11 Tzitzimimeh
  15 Brimstone Fiends
  4 electric golems
  27 tentacled monstrosities
  5 iron giants
  Jorgrun (D:14)
  8 Ice Fiends
  11 Hell Sentinels
  28 Orb Guardians
  11 quicksilver dragons
  Asterion (Spider:1)
  8 deep elf blademasters
  13 titans
  Frances (Spider:2)
  6 deep elf master archers
  18 Executioners
  20 liches
  26 acid blobs
  18 death cobs
  Kirke (Spider:4)
  8 ancient champions
  7 sphinxes
  6 krakens
  The ghost of iishen the Markscentaur, an adept CeHu of Okawaru (Spider:3)
  36 shadow dragons
  5 tengu reavers
  13 storm dragons
  A revenant (Tomb:3)
  Ilsuiw (Shoals:4)
  Donald (Spider:1)
  6 draconian knights
  An imperial myrmidon (Desolation)
  27 frost giants
  9 azure jellies
  18 fire giants
  8 ghost moths
  11 vault wardens
  14 draconian monks
  7 iron dragons
  7 deep elf sorcerers
  4 orc warlords
  3 corrupters (Pan)
  7 ghouls (Crypt:3)
  4 emperor scorpions
  4 curse skulls
  10 cacodemons
  4 angels (Pan)
  19 balrugs
  4 spriggan defenders
  9 draconian scorchers
  5 deep elf elementalists
  11 draconian annihilators
  2 draconian stormcallers
  6 draconian shifters
  43 reapers
  11 ironheart preservers
  2 elemental wellsprings (Coc:7)
  27 stone giants
  25 very ugly things
  12 war gargoyles
  7 vampire knights
  12 green draconians
  3 black suns (Pan)
  10 deep elf demonologists
  4 ophanim (Pan)
  8 lorocyprocas
  12 bennus
  17 black draconians
  The ghost of KrombopulosMichael the Fighter, a journeyman FoAK of Lugonu (Lair:4)
  25 red draconians
  An entropy weaver (shapeshifter) (Vaults:5)
  Azrael (Elf:1)
  2 entropy weavers
  18 purple draconians
  21 white draconians
  3 deep elf annihilators
  8 spark wasps
  A halazid warlock (Desolation)
  19 yellow draconians
  The ghost of Gadfly the Basher, a journeyman TrGl of Okawaru (Lair:4)
  6 merfolk javelineers
  5 deep elf death magi
  8 ettins
  8 green deaths
  13 eidola
  12 fire dragons
  An ettin (shapeshifter) (Vaults:5)
  25 blizzard demons
  26 mummy priests
  20 yaktaur captains
  5 crystal guardians
  12 quicksilver dragon zombies
  Snorg (D:14)
  10 jiangshi
  7 great orbs of eyes
  6 death oozes
  7 ragged hierophants (Desolation)
  11 merfolk impalers
  6 deep elf high priests
  4 kraken zombies
  9 boulder beetles
  An ice dragon (shapeshifter) (Vaults:5)
  3 quicksilver dragon skeletons
  21 ice dragons
  9 rakshasas
  4 monstrous demonspawn (Pan)
  26 vault guards
  7 hydras
  A hell beast (Dis:7)
  4 ghost crabs
  4 servants of whispers (Desolation)
  13 centaur warriors
  2 juggernaut simulacra (Pan)
  12 peacekeepers
  A catoblepas (Lair:4)
  A caustic shrike simulacrum (Depths:4)
  4 spriggan air magi
  7 merfolk aquamancers
  6 merfolk avatars
  60 two-headed ogres
  9 death knights
  4 satyrs
  63 death scarabs
  An alligator snapping turtle (Shoals:4)
  18 ogre magi
  A small abomination (Elf:1)
  10 deep troll shamans
  13 tengu warriors
  27 dancing weapons
  8 hell hogs
  6 deep troll earth magi
  A death yak (IceCv)
  6 titan zombies
  33 sun demons
  16 orc high priests
  A shock serpent (shapeshifter) (Depths:3)
  4 spriggan berserkers
  4 titan skeletons
  14 iron golems
  Urug (Lair:1)
  8 storm dragon zombies
  3 fire crabs (shapeshifter)
  5 vampire magi
  3 wretched stars
  34 soul eaters
  32 deep elf knights
  82 slime creatures
  12 sixfirhies
  31 hell knights
  23 shadow wraiths
  3 iron trolls
  36 deep trolls
  11 anaconda zombies
  4 unseen horrors
  150 skeletal warriors
  4 golden dragon zombies
  3 gelid demonspawn (Pan)
  2 ghost moth zombies
  3 storm dragon skeletons
  11 glowing orange brains
  5 torturous demonspawn (Pan)
  2 death drakes
  An infernal demonspawn (Pan)
  2 shadow dragon zombies
  An anaconda skeleton (Tar:1)
  20 deep elf archers
  6 cherubim (Pan)
  4 golden dragon skeletons
  A bunyip skeleton (Crypt:1)
  11 sea snakes
  8 wizards
  21 shadow demons
  15 flayed ghosts
  An obsidian statue (Zot:2)
  37 phantasmal warriors
  20 ironbrand convokers
  3 orange crystal statues
  25 orc knights
  6 wolf spider zombies
  7 frost giant zombies
  75 ugly things
  76 deep elf magi
  An orb spider (shapeshifter) (Elf:1)
  3 mana vipers (Depths:4)
  16 necromancers
  6 stone giant zombies
  3 draconians (Abyss:3)
  18 harpies
  3 shadow dragon skeletons
  5 oklob plants (Lair:5)
  25 orb spiders
  3 iron dragon zombies
  A tengu skeleton (Depths:1)
  A sphinx zombie (Vaults:5)
  A wolf spider (shapeshifter) (Vaults:5)
  3 orc sorcerers
  2 mana vipers (shapeshifter) (Vaults:5)
  15 cyclopes
  18 fauns
  A cyclops (shapeshifter) (Vaults:5)
  9 manticores
  5 shining eyes
  6 fire giant zombies
  4 stone giant skeletons
  A moth of wrath (shapeshifter) (Vaults:3)
  35 wolf spiders
  A salamander (shapeshifter) (Depths:3)
  2 shock serpent zombies
  Maurice (D:9)
  6 iron dragon skeletons
  5 centaur zombies
  5 dire elephant zombies
  6 elephants
  49 moths of wrath
  9 water nymphs
  14 vault sentinels
  3 fire giant skeletons
  3 black mambas
  A guardian serpent (shapeshifter) (Depths:1)
  8 frost giant skeletons
  9 ice statues
  An apocalypse crab (Abyss:3)
  10 molten gargoyles
  4 guardian serpents (Desolation)
  3 torpor snails
  14 smoke demons
  A black mamba (shapeshifter) (Depths:3)
  9 merfolk sirens
  39 rust devils
  3 dire elephant skeletons
  7 orange demons (Pan)
  2 storm dragon simulacra
  30 cane toads
  A torpor snail (shapeshifter) (Vaults:5)
  4 eyes of devastation
  A white draconian zombie (Crypt:1)
  6 centaur skeletons
  35 freezing wraiths
  A minotaur zombie (Geh:1)
  20 hellions
  2 anaconda simulacra (Depths:4)
  A komodo dragon (shapeshifter) (Depths:3)
  28 tormentors
  5 rime drakes
  A rime drake (shapeshifter) (Vaults:1)
  4 efreet
  9 komodo dragons
  40 yaktaurs
  A green draconian zombie (Crypt:2)
  An emperor scorpion zombie (Dis:5)
  41 guardian mummies
  9 demonic crawlers
  4 tengu conjurers
  39 ice devils
  A golden dragon simulacrum (Depths:1)
  14 hellwings
  2 silent spectres
  A red draconian skeleton (Geh:7)
  2 yaktaur skeletons
  A meliai (shapeshifter) (D:13)
  26 red devils
  10 trolls
  16 polar bears
  3 harpy zombies
  A spectral merfolk (Depths:4)
  A queen bee (Spider:2)
  4 hydra zombies
  26 merfolk
  11 hornets
  3 meliai (Spider:2)
  4 wind drakes
  52 jumping spiders
  A hornet (shapeshifter) (Elf:2)
  A wind drake (shapeshifter) (Vaults:5)
  A polar bear (shapeshifter) (Vaults:3)
  7 hydra skeletons
  4 tyrant leeches (Lair:6)
  6 raiju
  2 harpy skeletons
  59 saltlings (Desolation)
  5 alligator zombies
  A tengu simulacrum (Vaults:2)
  8 dream sheep
  41 blink frogs
  A slime creature (shapeshifter) (Depths:5)
  A meliai zombie (D:15)
  7 ice dragon zombies
  10 snapping turtles
  A boulder beetle zombie (Crypt:1)
  10 fire dragon zombies
  A fire giant simulacrum (Tar:7)
  6 air elementals
  2 black mamba zombies
  6 ettin zombies
  A spriggan (shapeshifter) (Vaults:3)
  87 flying skulls
  76 redbacks
  A redback (shapeshifter) (Depths:3)
  5 ettin skeletons
  20 shadows
  2 spriggan simulacra (Depths:4)
  33 water elementals
  18 ushabtiu
  4 fire dragon skeletons
  4 ice dragon skeletons
  4 vampires
  40 wraiths
  4 wyverns
  12 ynoxinuls
  36 tarantellas
  4 alligator skeletons
  83 yaks
  A black mamba skeleton (Coc:7)
  22 fire elementals
  6 basilisks
  A hog (Spider:4)
  A minotaur simulacrum (Depths:4)
  16 neqoxecs
  A steam dragon (Lair:5)
  8 chaos spawn
  16 vampire mosquitoes
  A harpy simulacrum (Vaults:1)
  3 acid dragons
  19 wargs
  8 cane toad zombies
  A monstrous demonspawn zombie (Crypt:3)
  18 large abominations
  A spectral spriggan (Depths:4)
  3 floating eyes
  12 water moccasins
  52 hell hounds
  3 spectral trolls (Depths:4)
  A hornet zombie (D:15)
  2 elephant zombies (Lair:3)
  5 ice beasts
  7 snapping turtle zombies
  5 sky beasts
  2 cane toad skeletons
  A manticore zombie (Geh:2)
  A monstrous demonspawn skeleton (Crypt:2)
  2 alligator simulacra (Coc:7)
  40 orc warriors
  13 boggarts
  A fire dragon simulacrum (Tomb:2)
  32 necrophages
  40 ogres
  31 wolves
  6 eyes of draining
  9 phantoms
  4 snapping turtle skeletons
  3 swamp dragon zombies
  2 swamp dragon skeletons
  28 centaurs
  A big kobold (D:8)
  A big kobold (shapeshifter) (Vaults:2)
  25 bullfrogs
  A wyvern zombie (D:11)
  A merfolk simulacrum (Depths:4)
  7 earth elementals
  A deep troll simulacrum (Vaults:3)
  13 wyvern skeletons
  A troll zombie (Geh:3)
  A spectral naga (Depths:4)
  A polar bear zombie (Crypt:2)
  2 spectral ogres (Depths:4)
  6 scorpions
  15 killer bees
  A killer bee (shapeshifter) (Depths:3)
  A spriggan skeleton (Tar:6)
  57 wights
  A howler monkey (D:4)
  12 electric eels
  5 spectral centaurs (Depths:4)
  14 crimson imps
  A bullfrog zombie (Crypt:2)
  9 human zombies
  A quasit (Abyss:1)
  21 iron imps
  6 hounds
  3 jellies (D:14)
  2 basilisk zombies (Lair:3)
  A bullfrog skeleton (D:7)
  45 orc priests
  20 orc wizards
  4 iguanas
  Ijyb (D:5)
  4 human skeletons
  15 worker ants
  A troll simulacrum (Depths:4)
  An ogre zombie (Dis:5)
  A centaur simulacrum (Depths:4)
  2 tengu zombies
  A hound zombie (D:6)
  A naga skeleton (Tomb:2)
  2 hound skeletons
  57 mummies
  A worker ant zombie (D:10)
  6 gnolls
  19 adders
  16 shadow imps
  24 white imps
  3 ufetubi (Depths:3)
  4 oozes
  An adder zombie (D:5)
  An iguana skeleton (Crypt:2)
  2 adder skeletons
  4 worms
  A dart slug (D:2)
  8 leopard geckos
  115 orcs
  3 bats
  5 giant cockroaches
  5 goblins
  13 hobgoblins
  10 jackals
  5 quokkas
  A ball python zombie (Crypt:1)
  10 frilled lizards
  A giant cockroach zombie (D:5)
  A hobgoblin zombie (Crypt:1)
  5 kobolds
  A kobold skeleton (Geh:7)
  2 kobold zombies
  2 orc zombies
  A quokka skeleton (D:4)
  6 rats
  A rat zombie (Crypt:1)
  2 ball lightnings (Pan)
  7 crawling corpses
  24 tentacles
  A withered plant (Crypt:3)
4940 creatures vanquished.

Vanquished Creatures (collateral kills)
  3 royal mummies (Tomb:3)
  A Tzitzimitl (Tar:7)
  Rupert (D:15)
  An ancient champion (Tomb:3)
  4 shadow dragons (Tar:7)
  2 cacodemons (Pan)
  A balrug (Pan)
  2 very ugly things (Pan)
  A vampire knight (Tar:7)
  A blizzard demon (Coc:7)
  A great orb of eyes (Pan)
  An ice dragon (Coc:7)
  A quicksilver dragon skeleton (Tar:7)
  3 soul eaters (Tar:7)
  A sun demon (Pan)
  4 shadow wraiths (Tar:7)
  3 sixfirhies (Pan)
  5 skeletal warriors
  A shadow demon (Tar:7)
  A large abomination (Pan)
  A fire giant skeleton (Tar:7)
  2 ice devils (Coc:7)
  3 guardian mummies (Tomb:3)
  A red devil (Pan)
  A hydra zombie (Coc:7)
  A hydra skeleton (Coc:7)
  9 flying skulls
  A shadow (Tar:7)
  A neqoxec (Pan)
  2 hell hounds (Tar:7)
  3 necrophages (Tar:7)
  4 shadow imps (Tar:7)
  A white imp (Coc:7)
68 creatures vanquished.

Vanquished Creatures (others)
  A pandemonium lord (Pan)
  A deep elf master archer (Elf:3)
  2 eldritch tentacles (Pan)
  A death cob (Zot:4)
  A draconian stormcaller (Zot:3)
  A ghost moth (Spider:4)
  2 deep elf demonologists
  A deep troll earth mage (Depths:3)
  A merfolk aquamancer (Shoals:3)
  A hell hog (Dis:2)
  A soul eater (Tar:7)
  A glowing orange brain (Pan)
  3 deep elf magi
  A rust devil (Dis:7)
  A yaktaur (Depths:1)
  A merfolk (shapeshifter) (Vaults:3)
  A polar bear (IceCv)
  A flying skull (Coc:7)
  A vampire (Vaults:2)
  A shadow (Geh:7)
  A fire elemental (Geh:7)
  2 humans (Spider:4)
  A black mamba skeleton (Geh:7)
  An acid dragon (Zot:2)
  3 hell hounds
  A boggart (Vaults:1)
  4 wolves
  An orc priest (Elf:1)
  A shadow imp (Tar:6)
  An orc (Elf:1)
  6 ball lightnings (Pan)
  A bush (Lair:6)
  64 fungi
  257 plants
  60 tentacles
  13 withered plants
441 creatures vanquished.

Grand Total: 5449 creatures vanquished

Notes
Turn   | Place    | Note
-------+----------+-------------------------------------------
     0 | D:5      | Forgeling the Barachi Delver began the quest for the Orb.
     0 | D:5      | Reached XP level 1. HP: 18/18 MP: 1/1
     4 | D:5      | Noticed a scorpion
    28 | D:6      | Reached XP level 2. HP: 10/24 MP: 2/2
   234 | D:6      | Noticed a sky beast
   560 | D:6      | Noticed an ogre
   616 | D:5      | Reached XP level 3. HP: 21/29 MP: 3/3
   732 | D:5      | Found an iron altar of Okawaru.
   732 | D:5      | Noticed a scorpion
  1165 | D:2      | Reached skill level 5 in Long Blades
  1211 | D:2      | Reached XP level 4. HP: 24/36 MP: 4/4
  2461 | D:2      | Found a basalt altar of Yredelemnul.
  2500 | D:2      | Reached XP level 5. HP: 28/42 MP: 5/5
  2990 | D:2      | Found a sparkling altar of Nemelex Xobeh.
  3241 | D:3      | Found a sacrificial altar of Ru.
  4654 | D:4      | Reached XP level 6. HP: 48/48 MP: 6/6
  4729 | D:4      | Noticed a phantom
  6092 | D:5      | Found a hazy altar of Hepliaklqana.
  6156 | D:5      | Found a blossoming altar of Fedhas.
  6351 | D:5      | Reached skill level 1 in Armour
  6451 | D:5      | Reached skill level 1 in Shields
  6464 | D:5      | Noticed a phantom
  6529 | D:5      | Killed a phantom
  6530 | D:5      | Reached XP level 7. HP: 20/55 MP: 7/7
  7137 | D:5      | Noticed Ijyb
  7427 | D:5      | HP: 2/55 [poisoned by a scorpion]
  7724 | D:5      | Reached skill level 5 in Fighting
  7791 | D:5      | Killed Ijyb
  7847 | D:5      | Became a worshipper of Warmaster Okawaru
  8027 | D:5      | Reached skill level 1 in Invocations
  8107 | D:5      | Reached XP level 8. HP: 34/62 MP: 9/9
  8752 | D:6      | Found a shimmering blue altar of Sif Muna.
  8752 | D:6      | Noticed Dowan
  9059 | D:7      | Reached skill level 5 in Armour
  9277 | D:7      | Found an opulent altar of Gozag.
  9318 | D:7      | Found a staircase to the Ecumenical Temple.
  9903 | D:7      | Reached * piety under Okawaru
 10322 | D:6      | Reached XP level 9. HP: 64/72 MP: 11/11
 11445 | D:6      | Reached skill level 10 in Long Blades
 12075 | D:6      | Found a bloodstained altar of Trog.
 12075 | D:6      | Noticed Duvessa
 12294 | D:8      | Found a broken altar of Ashenzari.
 12357 | D:8      | Reached skill level 1 in Throwing
 12389 | D:8      | Reached ** piety under Okawaru
 12455 | D:8      | Found an ancient bone altar of Kikubaaqudgha.
 12836 | D:8      | Found a shadowy altar of Dithmenos.
 12948 | D:8      | Found Ojio's Jewellery Shoppe.
 13064 | D:8      | Noticed Maggie
 13067 | D:8      | Noticed Maggie
 13067 | D:8      | Maggie changed into Maggie the big kobold
 13073 | D:8      | Killed Maggie the big kobold
 13258 | D:9      | Reached XP level 10. HP: 75/82 MP: 12/12
 13389 | D:9      | Reached skill level 5 in Shields
 13458 | D:9      | Reached *** piety under Okawaru
 13576 | D:9      | Noticed Maurice
 13593 | D:9      | Killed Maurice
 13594 | D:9      | Reached skill level 5 in Dodging
 14364 | D:9      | Noticed a two-headed ogre
 14395 | D:9      | Killed a two-headed ogre
 14651 | D:9      | Found a staircase to the Orcish Mines.
 14680 | D:9      | Reached **** piety under Okawaru
 14680 | D:9      | Received a gift from Okawaru
 14841 | D:10     | Entered Level 10 of the Dungeon
 14957 | D:10     | Reached XP level 11. HP: 87/90 MP: 13/13
 15016 | D:10     | Reached skill level 10 in Fighting
 15121 | D:10     | Noticed a two-headed ogre
 15135 | D:10     | Killed a two-headed ogre
 15589 | D:10     | Reached ***** piety under Okawaru
 15980 | D:11     | Found a staircase to the Lair.
 16245 | D:11     | Received a gift from Okawaru
 16891 | Lair:1   | Entered Level 1 of the Lair of Beasts
 17196 | Lair:1   | Received a gift from Okawaru
 17199 | Lair:1   | Got a faintly humming hat {god gift}
 17205 | Lair:1   | Identified the +4 hat "Uclant" {+Inv rN+ Str-3 Slay+2}
                  | (Okawaru gifted it to you on level 1 of the Lair of Beasts)
 17299 | Lair:1   | Noticed Urug
 17324 | Lair:1   | Killed Urug
 17739 | Lair:1   | Found the +11 plutonium sword {*Contam Stlth-}
 17747 | Lair:1   | Noticed an eight-headed hydra
 17760 | Lair:1   | Killed an eight-headed hydra
 17761 | Lair:1   | Reached XP level 12. HP: 100/100 MP: 7/15
 17998 | Lair:2   | Reached skill level 10 in Armour
 18055 | Lair:2   | Reached skill level 5 in Invocations
 18317 | Lair:2   | Found a frozen archway.
 18439 | IceCv    | Entered an ice cave
 19427 | IceCv    | Received a gift from Okawaru
 19583 | IceCv    | Reached ****** piety under Okawaru
 19778 | IceCv    | Noticed a death yak
 19778 | IceCv    | Noticed a frost giant
 19804 | IceCv    | Killed a frost giant
 19805 | IceCv    | Reached skill level 5 in Throwing
 19818 | IceCv    | Gained mutation: You can hop long distances. [Barachi
                  | growth]
 19818 | IceCv    | Reached XP level 13. HP: 63/108 MP: 13/19
 20026 | Lair:2   | Found a hole to the Spider Nest.
 20376 | Lair:2   | Received a gift from Okawaru
 21528 | Lair:3   | Found a staircase to the Shoals.
 21964 | Lair:3   | Reached skill level 10 in Shields
 22281 | Lair:4   | Noticed Sonja
 22283 | Lair:4   | Noticed Sonja
 22283 | Lair:4   | Sonja changed into Sonja the basilisk
 22299 | Lair:4   | Killed Sonja the basilisk
 23069 | Lair:4   | Found a runed translucent gate.
 23069 | Lair:4   | Found a runed translucent gate.
 23069 | Lair:4   | Found a runed translucent gate.
 23069 | Lair:4   | Noticed Gadfly's ghost (journeyman TrGl)
 23070 | Lair:4   | Noticed KrombopulosMichael's ghost (journeyman FoAK)
 23222 | Lair:5   | Received a gift from Okawaru
 23338 | Lair:5   | Reached skill level 1 in Evocations
 23397 | Lair:5   | Reached XP level 14. HP: 80/120 MP: 20/20
 23643 | Lair:5   | Received a gift from Okawaru
 24936 | Lair:5   | Received a gift from Okawaru
 24971 | Lair:5   | Got an ancient ring mail {god gift}
 24983 | Lair:5   | Identified the +0 ring mail of Hedging {rN++} (Okawaru
                  | gifted it to you on level 5 of the Lair of Beasts)
 25033 | Lair:6   | Entered Level 6 of the Lair of Beasts
 25491 | Lair:6   | Reached skill level 5 in Evocations
 25839 | Lair:6   | Reached skill level 15 in Fighting
 25903 | Lair:6   | Reached skill level 15 in Long Blades
 26372 | Lair:6   | Received a gift from Okawaru
 26768 | Lair:6   | Received a gift from Okawaru
 26883 | Lair:6   | Reached XP level 15. HP: 92/130 MP: 21/21
 27414 | Lair:6   | Found a staircase to the Slime Pits.
 27414 | Lair:6   | Found a viscous altar of Jiyva.
 28122 | Lair:4   | Killed Gadfly's ghost
 28122 | Lair:4   | Received a gift from Okawaru
 28157 | Lair:4   | Killed KrombopulosMichael's ghost
 29536 | D:8      | Bought an uncursed ring of willpower for 350 gold pieces
 29614 | Orc:1    | Entered Level 1 of the Orcish Mines
 29679 | Orc:1    | Noticed an orc warlord
 30187 | Orc:1    | Killed an orc warlord
 30668 | Orc:1    | Found a roughly hewn altar of Beogh.
 30678 | Orc:1    | Noticed an orc warlord
 30719 | Orc:1    | Killed an orc warlord
 31293 | Orc:1    | Found a transporter.
 31416 | Orc:1    | Found a transporter.
 31463 | Orc:2    | Entered Level 2 of the Orcish Mines
 31463 | Orc:2    | Found a staircase to the Elven Halls.
 32978 | Orc:2    | Found Ydwoi's Magic Scroll Shop.
 32978 | Orc:2    | Found Racanaus's General Store.
 33172 | Orc:2    | Found a roughly hewn altar of Beogh.
 33291 | Orc:2    | Found Jenu's Antique Armour Shop.
 33291 | Orc:2    | Found Mann's Weapon Emporium.
 33337 | Orc:2    | Received a gift from Okawaru
 33362 | Orc:2    | Got a masterwork demon blade {god gift}
 33363 | Orc:2    | Identified the +1 demon blade of Shrieking Terror {vamp,
                  | rPois rN+} (Okawaru gifted it to you on level 2 of the
                  | Orcish Mines)
 33862 | Orc:2    | Bought a blackened helmet for 351 gold pieces
 33873 | Orc:2    | Identified the +1 helmet "Hozaecoa" {rPois} (You bought it
                  | in a shop on level 2 of the Orcish Mines)
 34572 | D:13     | Found a gate to the Vaults.
 34850 | D:13     | Found Biosatt's Magic Scroll Shoppe.
 34935 | D:13     | Found a portal to a secret trove of treasure.
 35077 | D:14     | Reached XP level 16. HP: 141/141 MP: 22/22
 35150 | D:14     | Noticed Jorgrun
 35167 | D:14     | Killed Jorgrun
 35167 | D:14     | Received a gift from Okawaru
 35197 | D:14     | Noticed Snorg
 35220 | D:14     | Killed Snorg
 35491 | D:14     | Reached skill level 10 in Throwing
 35984 | D:15     | Entered Level 15 of the Dungeon
 36152 | D:15     | Received a gift from Okawaru
 36279 | D:15     | Found a staircase to the Depths.
 36381 | D:15     | Noticed Rupert
 36390 | D:15     | Killed Rupert
 36808 | D:15     | Found Cenwa's Weapon Shop.
 36815 | D:15     | Received a gift from Okawaru
 36860 | D:15     | Got a heavily runed ring mail {god gift}
 37226 | D:15     | Identified the +2 ring mail of Green Fun {+Blink} (Okawaru
                  | gifted it to you on level 15 of the Dungeon)
 37383 | Spider:1 | Entered Level 1 of the Spider Nest
 39391 | Spider:1 | Noticed Asterion
 39402 | Spider:1 | Killed Asterion
 39403 | Spider:1 | Reached XP level 17. HP: 151/151 MP: 16/23
 39512 | Spider:1 | Received a gift from Okawaru
 39618 | Spider:1 | Received a gift from Okawaru
 39675 | Spider:1 | Noticed Nikola
 39692 | Spider:1 | Killed Nikola
 39692 | Spider:1 | Received a gift from Okawaru
 40276 | Spider:2 | Received a gift from Okawaru
 40279 | Spider:2 | Noticed Arachne
 40279 | Spider:2 | Noticed Frances
 40316 | Spider:1 | Killed Arachne
 40316 | Spider:1 | Received a gift from Okawaru
 40320 | Spider:1 | Got a crude hat {god gift}
 40332 | Spider:1 | Identified the +0 hat of the Comet {+Blink Str+3 Dex+4}
                  | (Okawaru gifted it to you on level 1 of the Spider Nest)
 40554 | Spider:2 | Noticed Donald
 40571 | Spider:1 | Killed Donald
 41542 | Spider:2 | Killed Frances
 42954 | Spider:3 | Found a transporter.
 42956 | Spider:3 | Noticed iishen's ghost (adept CeHu)
 42972 | Spider:3 | Found a transporter.
 42986 | Spider:3 | Got a glittering bone ring
 43082 | Spider:3 | Found a roughly hewn altar of Beogh.
 43250 | Spider:3 | Identified the ring of the Ageless Defenders {+Fly Dex+3}
                  | (You found it on level 3 of the Spider Nest)
 43274 | Spider:4 | Entered Level 4 of the Spider Nest
 43326 | Spider:3 | Reached skill level 15 in Armour
 43452 | Spider:4 | Received a gift from Okawaru
 43503 | Spider:4 | Found the macabre finger necklace {rN+}
 43543 | Spider:4 | Noticed Kirke
 43564 | Spider:4 | Killed Kirke
 43624 | Spider:4 | Reached XP level 18. HP: 160/160 MP: 24/24
 44782 | Spider:4 | Received a gift from Okawaru
 44785 | Spider:4 | Received a gift from Okawaru
 44822 | Spider:4 | Got a gossamer rune of Zot
 45255 | Spider:3 | Killed iishen's ghost
 45256 | Spider:3 | Reached skill level 10 in Evocations
 45673 | Shoals:1 | Entered Level 1 of the Shoals
 46807 | Shoals:1 | Identified a scroll of acquirement
 46808 | Shoals:1 | Acquired a +2 cloak of poison resistance
 46973 | Shoals:2 | Received a gift from Okawaru
 46982 | Shoals:2 | Received a gift from Okawaru
 47325 | Shoals:2 | Received a gift from Okawaru
 47342 | Shoals:2 | Reached XP level 19. HP: 163/166 MP: 22/25
 47511 | Shoals:2 | Got a clouded golden amulet
 47512 | Shoals:2 | Identified the amulet "Boschuc" {Acrobat Str+4 Dex+2} (You
                  | found it on level 2 of the Shoals)
 47709 | Shoals:3 | Received a gift from Okawaru
 49006 | Shoals:4 | Entered Level 4 of the Shoals
 49359 | Shoals:4 | Reached skill level 10 in Dodging
 49378 | Shoals:4 | Got a smoking sapphire amulet
 49379 | Shoals:4 | Identified the amulet of Jewip {RegenMP Slay+2} (You found
                  | it on level 4 of the Shoals)
 49420 | Shoals:4 | Noticed Ilsuiw
 49463 | Shoals:4 | Killed Ilsuiw
 49724 | Shoals:4 | Received a gift from Okawaru
 49729 | Shoals:4 | Got a polished helmet {god gift}
 49742 | Shoals:4 | Identified the +1 helmet "Dehaeg" {MP+9} (Okawaru gifted it
                  | to you on level 4 of the Shoals)
 49895 | Shoals:4 | Identified the Catalogue of Beguiling and Snow
 50071 | Shoals:4 | Got a barnacled rune of Zot
 50696 | D:8      | Bought the amulet "Apounea" {Regen+ Slay+6 Stlth+} for 910
                  | gold pieces
 50826 | Vaults:1 | Entered Level 1 of the Vaults
 50946 | Vaults:1 | Found a ruined gateway.
 51063 | Desolati | Entered the Desolation of Salt
 51254 | Desolati | Reached XP level 20. HP: 131/174 MP: 26/26
 51708 | Desolati | Got a brightly glowing ring mail
 51735 | Desolati | Identified the +2 ring mail "Ciheecw" {rElec Dex+8} (You
                  | found it in the Desolation of Salt)
 52229 | Desolati | Got a steaming silver ring
 52236 | Desolati | Identified the Collected Works on Twisted Transmutation
 52245 | Desolati | Identified the ring "Usuohaeg" {*Tele Will+} (You found it
                  | in the Desolation of Salt)
 52260 | Desolati | Got a jet-studded chain mail
 52271 | Desolati | Identified the +1 chain mail "Hibeon" {rF+ rC+} (You found
                  | it in the Desolation of Salt)
 52324 | Desolati | Received a gift from Okawaru
 52557 | Desolati | Found the +2 Maxwell's thermic engine {flame, freeze}
 52740 | Desolati | Found the +3 Elemental Staff {rElec rF++ rC++ Will++ AC+5}
 52743 | Desolati | Got a scintillating tin ring
 52746 | Desolati | Identified the Compendium of Shifting Lightness
 53037 | Vaults:1 | Received a gift from Okawaru
 53397 | Vaults:1 | Found a runed translucent gate.
 53397 | Vaults:1 | Found a runed translucent gate.
 53397 | Vaults:1 | Found a runed translucent gate.
 53397 | Vaults:1 | Noticed Dacon's ghost (adept MiGl)
 53397 | Vaults:1 | Identified the +8 dire flail of Arrival {holy, Int+4}
 53397 | Vaults:1 | Identified the +10 chain mail "Jinighos" {rC+}
 54455 | Vaults:1 | Noticed a Brimstone Fiend
 54461 | Vaults:1 | Reached XP level 21. HP: 113/184 MP: 27/27
 54639 | Vaults:1 | Identified the cursed +0 chain mail of the Everdark {Str+4
                  | Int+4 Dex+3}
 54640 | Vaults:1 | Found a roughly hewn altar of Beogh.
 54665 | Vaults:1 | Identified the ring of Fune {rElec Will+ Str+4 Int-5 Dex+6}
 54679 | Vaults:1 | Identified the ring of Kiv Xaskucet {Ice Str+8} (You found
                  | it in the Desolation of Salt)
 54771 | Vaults:2 | Noticed Saint Roka
 54796 | Vaults:2 | Killed Saint Roka
 54836 | Vaults:2 | Received a gift from Okawaru
 55406 | Vaults:2 | Found a staircase to the Crypt.
 55997 | Vaults:2 | Found Diwy's Magic Scroll Boutique.
 56042 | Vaults:3 | Received a gift from Okawaru
 56531 | Vaults:3 | Received a gift from Okawaru
 56770 | Vaults:3 | Received a gift from Okawaru
 57123 | Vaults:3 | Reached XP level 22. HP: 168/194 MP: 28/28
 58069 | Vaults:4 | Received a gift from Okawaru
 58813 | Vaults:4 | Noticed Mara
 58828 | Vaults:4 | Killed Mara
 59506 | Depths:1 | Entered Level 1 of the Depths
 59506 | Depths:1 | Noticed Bai Suzhen
 59524 | D:15     | Killed Bai Suzhen
 59524 | D:15     | Received a gift from Okawaru
 59534 | D:15     | Got a spiked plate armour {god gift}
 59546 | D:15     | Identified the +2 plate armour of Byetz {MP+9 Stlth+}
                  | (Okawaru gifted it to you on level 15 of the Dungeon)
 59822 | Depths:1 | Reached skill level 15 in Dodging
 59835 | Depths:1 | Reached skill level 15 in Shields
 60041 | Depths:1 | Reached XP level 23. HP: 195/203 MP: 29/29
 60276 | Depths:1 | Found a gateway to Hell.
 60476 | Depths:1 | Found a one-way gate to the infinite horrors of the Abyss.
 60802 | Depths:1 | Received a gift from Okawaru
 61495 | Depths:2 | Found a gateway to a ziggurat.
 61891 | Depths:2 | Found the +8 demon blade "Leech" {vamp, *Rage +Rage rN+}
 62028 | Depths:2 | Found Liusen's Gadget Boutique.
 62030 | Depths:2 | Found Gagrom's Jewellery Emporium.
 62031 | Depths:2 | Found Bocow's Gadget Boutique.
 62501 | Depths:2 | Received a gift from Okawaru
 62983 | Depths:3 | Received a gift from Okawaru
 62993 | Depths:3 | Noticed a juggernaut
 63005 | Depths:3 | Received a gift from Okawaru
 63037 | Depths:3 | Reached skill level 10 in Invocations
 63089 | Depths:3 | Received a gift from Okawaru
 63117 | Depths:3 | Reached XP level 24. HP: 210/210 MP: 30/30
 63154 | Depths:3 | Got a pair of transparent boots {god gift}
 63173 | Depths:3 | Identified the +1 pair of boots of Theory {+Inv rPois
                  | Int-5} (Okawaru gifted it to you on level 3 of the Depths)
 63356 | Depths:3 | Identified the ring of Ystrojei {Will+ Dex+7 Slay+4}
 63402 | Depths:3 | Killed a juggernaut
 63492 | Depths:3 | Reached skill level 15 in Evocations
 64021 | Depths:3 | Found a one-way gate leading to the halls of Pandemonium.
 64078 | Depths:2 | Bought a tin of tremorstones (2/2) for 560 gold pieces
 64293 | Depths:4 | Noticed the Enchantress
 64310 | Depths:4 | Killed the Enchantress
 64698 | Depths:4 | Received a gift from Okawaru
 64712 | Depths:4 | Noticed an ancient lich
 64721 | Depths:4 | Killed an ancient lich
 64788 | Depths:4 | Received a gift from Okawaru
 64838 | Depths:4 | Received a gift from Okawaru
 65497 | Depths:3 | Got a steaming chain mail
 65508 | Depths:3 | Identified the +1 chain mail "Oturo" {+Fly Str+2} (You
                  | found it on level 3 of the Depths)
 65535 | Depths:5 | Entered Level 5 of the Depths
 65707 | Depths:5 | Found Yjud's Magic Scroll Boutique.
 65811 | Depths:5 | Found a gate to the Realm of Zot.
 65822 | Depths:5 | Reached XP level 25. HP: 215/215 MP: 31/31
 65837 | Depths:5 | Received a gift from Okawaru
 66468 | Elf:1    | Entered Level 1 of the Elven Halls
 66528 | Elf:1    | Received a gift from Okawaru
 66769 | Elf:1    | Received a gift from Okawaru
 66888 | Elf:1    | Noticed Azrael
 66899 | Elf:1    | Killed Azrael
 66948 | Elf:1    | Found a runed translucent gate.
 66948 | Elf:1    | Found a runed translucent gate.
 66948 | Elf:1    | Found a runed translucent gate.
 66948 | Elf:1    | Found a runed translucent gate.
 66948 | Elf:1    | Found a runed translucent gate.
 66948 | Elf:1    | You fall into a shaft and drop 1 floor!
 67037 | Elf:2    | Found a runed translucent gate.
 67037 | Elf:2    | Found a runed translucent gate.
 67038 | Elf:2    | Found a runed translucent gate.
 67545 | Elf:2    | Found Haebuv's Gadget Boutique.
 67548 | Elf:2    | Received a gift from Okawaru
 67570 | Elf:2    | Got a steaming chain mail {god gift}
 67581 | Elf:2    | Identified the +1 chain mail of Mezcal {rCorr} (Okawaru
                  | gifted it to you on level 2 of the Elven Halls)
 67645 | Elf:2    | Found an ancient bone altar of Kikubaaqudgha.
 68104 | Elf:1    | Identified the ring of Elyvilon's Indignation {Str+6 SInv}
 68272 | Elf:1    | Found a runed translucent gate.
 68592 | Elf:3    | Entered Level 3 of the Elven Halls
 69179 | Elf:3    | Gained mutation: You are strong-willed. (Will+) [a neqoxec]
 69206 | Elf:3    | Reached XP level 26. HP: 224/224 MP: 31/31
 69224 | Elf:3    | Identified the ring of Tacipn {rN+ AC+4 Str+4 Stlth+}
 69351 | Elf:3    | Identified the +10 quarterstaff of Bizuhoan {antimagic,
                  | +Blink Will++ Str+3}
 69429 | Elf:3    | Identified the +11 halberd of Extinguishment {spect, Will+
                  | Str+4 Int-2}
 69429 | Elf:3    | Identified the +11 halberd of Extinguishment {spect, Will+
                  | Str+4 Int-2}
 69429 | Elf:3    | Identified the ring "Sotaskys" {rF+ MP+9 SInv}
 69429 | Elf:3    | Identified the amulet of Dutipice {rElec Regen+ MP-9 Str+4
                  | Dex+4}
 69430 | Elf:3    | Identified the ring of Contentment {rPois Will+ Int+6 SInv}
 69431 | Elf:3    | Identified the cursed +0 short sword of the Seven
                  | Continents {holy, rC+}
 69433 | Elf:3    | Found the +8 longbow "Zephyr" {speed, Dex+3 SInv}
 69436 | Elf:3    | Reached skill level 15 in Throwing
 69482 | Elf:3    | Identified the Collected Works on the Escort and the Rocks
 69508 | Elf:3    | Got a dazzling kite shield
 69533 | Elf:3    | Identified Maravaph's Catalogue of Blistering Execration
 69593 | Elf:3    | Identified the +1 kite shield of Tomorrow {rPois} (You
                  | found it on level 3 of the Elven Halls)
 69905 | Vaults:5 | Entered Level 5 of the Vaults
 69932 | Vaults:5 | Received a gift from Okawaru
 69970 | Vaults:5 | Received a gift from Okawaru
 70019 | Vaults:5 | Received a gift from Okawaru
 70075 | Vaults:5 | Got a silver rune of Zot
 70153 | Vaults:5 | Received a gift from Okawaru
 70174 | Vaults:5 | Identified the Compendium of Earthen Fire
 70201 | Vaults:5 | Identified the Catalogue of Snow and Confrontation
 70206 | Vaults:5 | Acquired a +1 double sword of flaming
 70268 | Vaults:5 | Got a warped lead amulet
 70337 | Vaults:5 | Received a gift from Okawaru
 70627 | Vaults:5 | Identified the amulet of the Past {Faith rF++ rC+ Will-
                  | Str+3} (You found it on level 5 of the Vaults)
 70630 | Vaults:5 | Got a fading cloak {god gift}
 70631 | Vaults:5 | Identified the +1 cloak of the Wasteland {rPois rN+}
                  | (Okawaru gifted it to you on level 5 of the Vaults)
 70662 | Vaults:5 | Got a wavering pewter amulet
 70665 | Vaults:5 | Identified the amulet "Zyh Vall" {Spirit +Fly Int+6 Stlth+}
                  | (You found it on level 5 of the Vaults)
 70753 | Vaults:5 | Noticed Mennas
 70773 | Vaults:5 | Killed Mennas
 71491 | Vaults:5 | Found the +2 ratskin cloak {*Rats rPois rN+ Str-1 Int-1
                  | Dex+1}
 71970 | Slime:1  | Entered Level 1 of the Pits of Slime
 72170 | Slime:2  | Reached XP level 27. HP: 231/231 MP: 14/32
 72216 | Slime:3  | Found a viscous altar of Jiyva.
 72337 | Slime:3  | Received a gift from Okawaru
 72508 | Slime:5  | Entered Level 5 of the Pits of Slime
 72640 | Slime:5  | Noticed the Royal Jelly
 72850 | Slime:5  | Received a gift from Okawaru
 72869 | Slime:5  | Reached skill level 15 in Invocations
 72875 | Slime:5  | Got a bloodstained helmet {god gift}
 72926 | Slime:5  | Killed the Royal Jelly
 73001 | Slime:4  | Gained mutation: Your mind is acute. (Int +2) [a shining
                  | eye]
 73106 | Slime:5  | Paralysed by a floating eye for 3 turns
 73211 | Slime:5  | Got a slimy rune of Zot
 73212 | Slime:5  | Identified the Grimoire of the Cloudy Frostbite
 73266 | Slime:5  | Identified the +1 helmet of Oblivion {rF- Will+++ Int+8
                  | Slay-2} (Okawaru gifted it to you on level 5 of the Pits of
                  | Slime)
 73279 | Slime:5  | Got a crude lead ring
 73303 | Slime:5  | Identified the ring of the Scarab {rElec Str+6} (You found
                  | it on level 5 of the Pits of Slime)
 73381 | Slime:5  | Acquired 270 gold pieces
 73385 | Slime:5  | Got a warped brass ring
 73398 | Slime:5  | Identified the ring of Innerib {Str+6 Stlth-} (You found it
                  | on level 5 of the Pits of Slime)
 74372 | D:13     | You paid a toll of +3 ice dragon scales to enter a treasure
                  | trove
 74373 | Trove    | Entered a treasure trove
 74421 | Trove    | Got a wavering amethyst amulet
 74423 | Trove    | Got a steaming bronze amulet
 74426 | Trove    | Identified the amulet "Nibic" {Reflect MP+9 SH+5} (You
                  | found it in a treasure trove)
 74427 | Trove    | Identified the amulet "Faem" {rF+ Regen+ Str+2} (You found
                  | it in a treasure trove)
 74631 | Orc:1    | Found a runed translucent door.
 74631 | Orc:1    | Found a bloodstained altar of Trog.
 74632 | Orc:1    | Found the cursed necklace of Bloodlust {*Rage +Rage Will++
                  | Int-3 Slay+6 *Curse}
 74770 | Orc:1    | Upgraded the game from 0.26-b1-45-g23770d1d51 to
                  | 0.26-b1-52-g61e05abef2
 74992 | Vaults:1 | Killed Dacon's ghost
 75335 | Zot:1    | Entered Level 1 of the Realm of Zot
 75372 | Zot:1    | Identified the +3 war axe of a Billion Nightmares
                  | {antimagic, +Blink +Inv rElec Str-2}
 75387 | Zot:1    | Identified the +1 scimitar of Valour {antimagic, Str+3
                  | Dex+2}
 75387 | Zot:1    | Identified the cursed +0 cloak of Loss {rPois Regen+ SInv}
 75390 | Zot:1    | Identified the +1 cloak "Utupt" {Regen+}
 75392 | Zot:1    | Noticed Juzit's ghost (legendary GnFi)
 75400 | Zot:1    | Identified the +7 lajatang "Luarruh" {flame, rF++ Int+2}
 75502 | Zot:1    | Found a bloodstained altar of Trog.
 75518 | Zot:1    | Found a transporter.
 75522 | Zot:1    | Found a transporter.
 75618 | Zot:1    | Received a gift from Okawaru
 75690 | Zot:1    | You fall into a shaft and drop 1 floor!
 75702 | Zot:2    | Noticed an orb of fire
 75711 | Zot:2    | Killed an orb of fire
 75735 | Zot:2    | Received a gift from Okawaru
 75841 | Zot:2    | Received a gift from Okawaru
 77461 | Vaults:2 | Bought a scroll of enchant armour for 127 gold pieces
 77461 | Vaults:2 | Bought a scroll of enchant armour for 127 gold pieces
 77586 | D:13     | Bought a scroll of blinking for 105 gold pieces
 77586 | D:13     | Bought a scroll of teleportation for 42 gold pieces
 77586 | D:13     | Bought a scroll of enchant armour for 105 gold pieces
 77586 | D:13     | Bought a scroll of blinking for 105 gold pieces
 77726 | Orc:2    | Bought a scroll of enchant armour for 90 gold pieces
 77726 | Orc:2    | Bought a scroll of enchant armour for 90 gold pieces
 77726 | Orc:2    | Bought a scroll of blinking for 90 gold pieces
 77726 | Orc:2    | Bought a scroll of enchant weapon for 90 gold pieces
 78327 | Zot:1    | Received a gift from Okawaru
 78496 | Zot:2    | Noticed an orb of fire
 78503 | Zot:2    | Killed an orb of fire
 78624 | Zot:2    | Found a runed translucent gate.
 78624 | Zot:2    | Found a runed translucent gate.
 78624 | Zot:2    | Found an opulent altar of Gozag.
 78625 | Zot:2    | Found a runed translucent gate.
 78625 | Zot:2    | Found Yxoaher's Assorted Antiques.
 78625 | Zot:2    | Noticed Toelubet's ghost (veteran CeHu)
 78626 | Zot:2    | Found Janameb's Assorted Antiques.
 78814 | Zot:2    | Received a gift from Okawaru
 78919 | Zot:2    | Identified the +4 dragonskin cloak
 78919 | Zot:2    | Noticed Tiamat
 78937 | Zot:2    | Received a gift from Okawaru
 78983 | Zot:2    | Killed Tiamat
 79169 | Zot:2    | Found the +8 Wrath of Trog {antimagic, *Rage}
 79542 | Zot:2    | Identified the Almanac of Twisted Combat Magic
 79864 | Zot:3    | Received a gift from Okawaru
 80224 | Zot:3    | Received a gift from Okawaru
 80283 | Zot:3    | Received a gift from Okawaru
 81420 | Zot:3    | Identified Asmodeus's Reference Book on Creative
                  | Conjuration
 81826 | Zot:4    | Received a gift from Okawaru
 81909 | Zot:4    | Received a gift from Okawaru
 82116 | Zot:4    | Received a gift from Okawaru
 82249 | Zot:4    | Received a gift from Okawaru
 82811 | Zot:2    | Killed Toelubet's ghost
 82926 | Zot:2    | Bought a scroll of acquirement for 2028 gold pieces
 82956 | Zot:2    | Acquired the +0 helmet of Grim Tender Moments {rF+ rC-
                  | Regen+}
 83202 | Zot:1    | Killed Juzit's ghost
 83890 | Temple   | Entered the Ecumenical Temple
 84196 | Temple   | Fell from the grace of Okawaru
 84196 | Temple   | Became a worshipper of the Shining One
 84478 | Crypt:1  | Entered Level 1 of the Crypt
 84510 | Crypt:1  | Reached * piety under the Shining One
 84636 | Crypt:1  | Reached ** piety under the Shining One
 84775 | Crypt:1  | Reached *** piety under the Shining One
 84841 | Crypt:1  | Reached **** piety under the Shining One
 85104 | Crypt:1  | Reached ***** piety under the Shining One
 85409 | Crypt:2  | Reached ****** piety under the Shining One
 86049 | Crypt:2  | Identified a +9 double sword of holy wrath (a +7 double
                  | sword of flaming blessed by the Shining One)
 86049 | Crypt:2  | Received a gift from the Shining One
 86196 | Crypt:3  | Entered Level 3 of the Crypt
 86716 | Crypt:3  | Found a basalt altar of Yredelemnul.
 87326 | Crypt:3  | Found a staircase to the Tomb.
 87840 | Crypt:3  | Got a smoking bronze ring
 88018 | Crypt:3  | Identified the ring of Koleif {+Blink Str+4 Stlth-} (You
                  | found it on level 3 of the Crypt)
 88466 | Hell     | Entered the Vestibule of Hell
 88466 | Hell     | Noticed Geryon
 88512 | Hell     | Killed Geryon
 88643 | Hell     | Found a gateway to the Iron City of Dis.
 88690 | Hell     | Found a gateway to the freezing wastes of Cocytus.
 88911 | Hell     | Found a gateway to the decaying netherworld of Tartarus.
 88997 | Hell     | Found a gateway to the ashen valley of Gehenna.
 89059 | Hell     | Was forgiven by Okawaru
 89175 | Pan      | Entered Pandemonium
 89274 | Pan      | Noticed Soniang the pandemonium lord
 89284 | Pan      | Killed Soniang the pandemonium lord
 89348 | Pan      | Found an exit through the horrors of the Abyss.
 89739 | Pan      | Entered the realm of Gloorx Vloq.
 90031 | Pan      | Reached skill level 27 in Armour
 90077 | Pan      | Noticed Gloorx Vloq
 90099 | Pan      | Killed Gloorx Vloq
 90143 | Pan      | Got a dark rune of Zot
 90544 | Pan      | Noticed Pauneh the pandemonium lord
 90553 | Pan      | Killed Pauneh the pandemonium lord
 90554 | Pan      | Gained mutation: Your magical capacity is low. (-10% MP) [a
                  | cacodemon]
 90687 | Pan      | Entered the realm of Mnoleg.
 90749 | Pan      | Paralysed by a floating eye for 2 turns
 90769 | Pan      | Noticed Mnoleg
 90837 | Pan      | Gained mutation: You are weak. (Str -2) [a neqoxec]
 90841 | Pan      | Killed Mnoleg
 90850 | Pan      | Identified A Thorough Guide to Rites and Rhymes
 90930 | Pan      | Gained mutation: Your body sometimes deteriorates upon
                  | taking damage. [a neqoxec]
 91009 | Pan      | Gained mutation: You are occasionally teleported next to
                  | monsters. [a cacodemon]
 91021 | Pan      | Gained mutation: You are very weak. (Str -4) [a neqoxec]
 91021 | Pan      | Gained mutation: Scrolls take you a little longer to read.
                  | [a cacodemon]
 91046 | Pan      | Got a glowing rune of Zot
 91051 | Pan      | Gained mutation: You possess an exceptional clarity of
                  | mind. [a cacodemon]
 91077 | Pan      | Lost mutation: Your magical capacity is low. (-10% MP)
                  | [potion of mutation]
 91077 | Pan      | Lost mutation: Your body sometimes deteriorates upon taking
                  | damage. [potion of mutation]
 91077 | Pan      | Lost mutation: You are very weak. (Str -4) [potion of
                  | mutation]
 91077 | Pan      | Lost mutation: You are weak. (Str -2) [potion of mutation]
 91077 | Pan      | Gained mutation: Your spells are a little harder to cast,
                  | but a little more powerful. [potion of mutation]
 91077 | Pan      | Lost mutation: Your spells are a little harder to cast, but
                  | a little more powerful. [potion of mutation]
 91077 | Pan      | Gained mutation: You have a pair of small horns on your
                  | head. [potion of mutation]
 91078 | Pan      | Lost mutation: Scrolls take you a little longer to read.
                  | [potion of mutation]
 91078 | Pan      | Lost mutation: You have a pair of small horns on your head.
                  | [potion of mutation]
 91078 | Pan      | Lost mutation: You possess an exceptional clarity of mind.
                  | [potion of mutation]
 91078 | Pan      | Lost mutation: You are occasionally teleported next to
                  | monsters. [potion of mutation]
 91078 | Pan      | Gained mutation: You have large cloven feet. [potion of
                  | mutation]
 91078 | Pan      | Gained mutation: You are somewhat resistant to further
                  | mutation. [potion of mutation]
 91099 | Pan      | Found an exit through the horrors of the Abyss.
 91122 | Pan      | Noticed Osmeules the pandemonium lord
 91144 | Pan      | Killed Osmeules the pandemonium lord
 91220 | Pan      | Got a demonic rune of Zot
 91316 | Pan      | Noticed a seraph
 91335 | Pan      | Killed a seraph
 91374 | Pan      | Found a glowing golden altar of the Shining One.
 91386 | Pan      | Got a coiled copper ring
 91393 | Pan      | Got a faintly glowing amber ring
 91453 | Depths:3 | Escaped Pandemonium
 91455 | Depths:3 | Identified the ring of Midsummer {rN+ MP+9} (You found it
                  | in Pandemonium)
 91457 | Depths:3 | Identified the ring of Yesterday {rElec rN+ Int+2} (You
                  | found it in Pandemonium)
 91462 | Pan      | Entered Pandemonium
 91525 | Pan      | Noticed Zuirrool the pandemonium lord
 91536 | Pan      | Killed Zuirrool the pandemonium lord
 91629 | Pan      | Entered the realm of Cerebov.
 91634 | Pan      | Found an exit through the horrors of the Abyss.
 91832 | Pan      | Identified the +6 sword of Cerebov {flame}
 91832 | Pan      | Noticed Cerebov
 91840 | Pan      | Reached skill level 27 in Fighting
 91849 | Pan      | Killed Cerebov
 91877 | Pan      | Got a fiery rune of Zot
 91922 | Pan      | Got a warped zirconium amulet
 91935 | Pan      | Identified Ciose's Almanac of Unstable Conjuration
 91939 | Pan      | Identified the +10 quarterstaff of Crawling {venom, +Inv
                  | rN+ Dex+2}
 91945 | Pan      | Identified the +10 plate armour of Lenohidgh {*Contam rElec
                  | Stlth+}
 91963 | Pan      | Identified Vuuplacw's Grimoire of Icy Heat
 92037 | Pan      | Identified Sif Muna's Disquisition on Toxins and the
                  | Volcanoes
 92064 | Pan      | Got a faintly glowing brass ring
 92120 | Pan      | Identified the amulet of Winter {Regen+ Int+4} (You found
                  | it in Pandemonium)
 92127 | Pan      | Identified the ring "Gaitral" {+Blink Str+6} (You found it
                  | in Pandemonium)
 92170 | Pan      | Entered the realm of Lom Lobon.
 92170 | Pan      | Noticed Lom Lobon
 92181 | Pan      | Killed Lom Lobon
 92200 | Pan      | Got a magical rune of Zot
 92265 | Pan      | Identified the cursed +1 mace of Fedhas's Castigation
                  | {distort, *Drain rF+ rC++ SInv}
 92621 | Depths:3 | Escaped Pandemonium
 92717 | Dis:1    | Entered Level 1 of the Iron City of Dis
 93686 | Dis:5    | Found a burning altar of Makhleb.
 93999 | Dis:7    | Entered Level 7 of the Iron City of Dis
 94722 | Dis:7    | Identified the +4 staff of Dispater
 94722 | Dis:7    | Noticed Dispater
 94919 | Dis:7    | Killed Dispater
 94940 | Dis:7    | Got a shimmering platinum amulet
 94946 | Dis:7    | Got an iron rune of Zot
 95107 | Tar:1    | Entered Level 1 of Tartarus
 95570 | Tar:5    | You fall into a shaft and drop 1 floor!
 96123 | Tar:7    | Entered Level 7 of Tartarus
 96388 | Tar:7    | Noticed the Serpent of Hell
 96399 | Tar:7    | Killed the Serpent of Hell
 96419 | Tar:7    | Noticed an ancient lich
 96423 | Tar:7    | Killed an ancient lich
 96429 | Tar:7    | Noticed Ereshkigal
 96443 | Tar:7    | Found the +2 hood of the Assassin {Detection Stab+ Stlth++}
 96528 | Tar:7    | Noticed an ancient lich
 96536 | Tar:7    | Killed Ereshkigal
 96544 | Tar:7    | Killed an ancient lich
 96968 | Tar:7    | Identified the Papyrus of Warped Shape Shifting
 97187 | Tar:7    | Got a bone rune of Zot
 97257 | Hell     | Identified the amulet "Civvoxa" {RegenMP rPois Str+4} (You
                  | found it on level 7 of the Iron City of Dis)
 97300 | Geh:1    | Entered Level 1 of Gehenna
 97650 | Geh:2    | You fall into a shaft and drop 1 floor!
 98061 | Geh:6    | You fall into a shaft and drop 1 floor!
 98061 | Geh:7    | Entered Level 7 of Gehenna
 98144 | Geh:7    | Reached skill level 27 in Long Blades
 98304 | Geh:7    | Identified the Compendium of the Ashen Snowflakes
 98309 | Geh:7    | Got a shimmering iron ring
 98311 | Geh:7    | Identified the ring "Rioch" {Will+ Dex+6} (You found it on
                  | level 7 of Gehenna)
 98326 | Geh:7    | Got a glittering granite ring
 98330 | Geh:7    | Identified the ring of Impatience {Ice *Drain rPois rN+
                  | Dex+3} (You found it on level 7 of Gehenna)
 98350 | Geh:7    | Identified the +7 sceptre of Asmodeus
 98350 | Geh:7    | Noticed Asmodeus
 98368 | Geh:7    | Killed Asmodeus
 98377 | Geh:7    | Got an obsidian rune of Zot
 98609 | Coc:1    | Entered Level 1 of Cocytus
 98723 | Coc:2    | You fall into a shaft and drop 2 floors!
 98741 | Coc:4    | You fall into a shaft and drop 2 floors!
 98830 | Coc:7    | Entered Level 7 of Cocytus
 99279 | Coc:7    | Noticed Antaeus
 99295 | Coc:7    | Killed Antaeus
 99338 | Coc:7    | Got an icy rune of Zot
 99666 | Depths:1 | Voluntarily entered the Abyss.
 99802 | Abyss:3  | Found a transporter.
 99902 | Abyss:3  | Found a transporter.
 99903 | Abyss:3  | Got an abyssal rune of Zot
 99931 | Abyss:4  | Found a corrupted altar of Lugonu.
 99935 | Abyss:5  | Entered Level 5 of the Abyss
 99983 | Abyss:5  | Gained mutation: Your magical capacity is low. (-10% MP) [a
                  | neqoxec]
100000 | Depths:1 | Escaped the Abyss
100328 | Tomb:1   | Entered Level 1 of the Tomb of the Ancients
100338 | Tomb:1   | Reached skill level 27 in Invocations
100701 | Tomb:1   | Noticed a royal mummy
100701 | Tomb:1   | Noticed a royal mummy
100702 | Tomb:1   | Noticed a royal mummy
100702 | Tomb:1   | Noticed a royal mummy
100709 | Tomb:1   | Killed a royal mummy
100715 | Tomb:1   | Noticed a royal mummy
100722 | Tomb:1   | Killed a royal mummy
100722 | Tomb:1   | Noticed a royal mummy
100731 | Tomb:1   | Killed a royal mummy
101168 | Tomb:1   | Noticed a royal mummy
101169 | Tomb:1   | Noticed a royal mummy
101174 | Tomb:1   | Killed a royal mummy
101180 | Tomb:1   | Killed a royal mummy
101186 | Tomb:1   | Killed a royal mummy
101190 | Tomb:1   | Killed a royal mummy
101193 | Tomb:1   | Noticed a royal mummy
101200 | Tomb:1   | Killed a royal mummy
101201 | Tomb:1   | Noticed a royal mummy
101213 | Tomb:1   | Killed a royal mummy
101214 | Tomb:1   | Noticed a royal mummy
101220 | Tomb:1   | Killed a royal mummy
101451 | Tomb:1   | Noticed a royal mummy
101452 | Tomb:1   | Noticed a royal mummy
101453 | Tomb:1   | Noticed a royal mummy
101454 | Tomb:1   | Noticed a royal mummy
101459 | Tomb:1   | Killed a royal mummy
101461 | Tomb:1   | Killed a royal mummy
101462 | Tomb:1   | Killed a royal mummy
101465 | Tomb:1   | Killed a royal mummy
101607 | Tomb:1   | Killed a royal mummy
101629 | Tomb:1   | Noticed a royal mummy
101633 | Tomb:1   | Noticed a royal mummy
101637 | Tomb:1   | Noticed a royal mummy
101647 | Tomb:1   | Killed a royal mummy
101653 | Tomb:1   | Killed a royal mummy
101658 | Tomb:1   | Killed a royal mummy
101660 | Tomb:1   | Noticed a royal mummy
101660 | Tomb:1   | Noticed a royal mummy
101668 | Tomb:1   | Killed a royal mummy
101673 | Tomb:1   | Killed a royal mummy
102085 | Tomb:2   | Noticed an ancient lich
102086 | Tomb:2   | Noticed a royal mummy
102091 | Tomb:2   | Gained mutation: You are clumsy. (Dex -2) [mutagenic glow]
102099 | Tomb:1   | Killed a royal mummy
102284 | Tomb:2   | Noticed a royal mummy
102284 | Tomb:2   | Noticed a royal mummy
102284 | Tomb:2   | Noticed a royal mummy
102292 | Tomb:2   | Killed an ancient lich
102292 | Tomb:2   | Killed a royal mummy
102294 | Tomb:2   | Killed a royal mummy
102298 | Tomb:2   | Killed a royal mummy
102912 | Tomb:3   | Entered Level 3 of the Tomb of the Ancients
102936 | Tomb:3   | Noticed a royal mummy
102936 | Tomb:3   | Noticed a royal mummy
102972 | Tomb:3   | Noticed a royal mummy
102989 | Tomb:3   | Killed a royal mummy
102995 | Tomb:3   | Noticed a royal mummy
102999 | Tomb:3   | Killed a royal mummy
103003 | Tomb:3   | Killed a royal mummy
103005 | Tomb:3   | Killed a royal mummy
103005 | Tomb:3   | Noticed a royal mummy
103006 | Tomb:3   | Noticed Frederick
103225 | Tomb:3   | Noticed a royal mummy
103481 | Tomb:3   | Noticed a royal mummy
103482 | Tomb:3   | Noticed a royal mummy
103482 | Tomb:3   | Noticed a royal mummy
103496 | Tomb:3   | Killed a royal mummy
103497 | Tomb:3   | Killed a royal mummy
103499 | Tomb:3   | Killed a royal mummy
103506 | Tomb:3   | Killed a royal mummy
103510 | Tomb:3   | Killed Frederick
103524 | Tomb:3   | Killed a royal mummy
104116 | Tomb:3   | Got a brightly glowing lapis lazuli ring
104121 | Tomb:3   | Identified the Grimoire of Ashen Evil Arts
104269 | Tomb:3   | Got a golden rune of Zot
104909 | Zot:5    | Entered Level 5 of the Realm of Zot
104910 | Zot:5    | Identified the ring "Ercheu" {Ice *Contam Str+4 Int+2} (You
                  | found it on level 3 of the Tomb of the Ancients)
105040 | Zot:5    | Paralysed by a Zot trap for 2 turns
105355 | Zot:5    | Noticed an orb of fire
105357 | Zot:5    | Killed an orb of fire
105499 | Zot:5    | Noticed an orb of fire
105513 | Zot:5    | Killed an orb of fire
105701 | Zot:5    | Noticed an orb of fire
105705 | Zot:5    | Killed an orb of fire
105729 | Zot:5    | Reached skill level 27 in Throwing
105938 | Zot:5    | Noticed an orb of fire
105945 | Zot:5    | Gained mutation: Your body sometimes deteriorates upon
                  | taking damage. [an orb of fire]
105959 | Zot:5    | Noticed an ancient lich
105961 | Zot:5    | Killed an orb of fire
105962 | Zot:5    | Killed an ancient lich
105976 | Zot:5    | Noticed an orb of fire
105978 | Zot:5    | Killed an orb of fire
106337 | Zot:5    | Lost mutation: You are clumsy. (Dex -2) [potion of
                  | mutation]
106337 | Zot:5    | Lost mutation: Your body sometimes deteriorates upon taking
                  | damage. [potion of mutation]
106337 | Zot:5    | Lost mutation: You are somewhat resistant to further
                  | mutation. [potion of mutation]
106337 | Zot:5    | Gained mutation: Your mind is very acute. (Int +4) [potion
                  | of mutation]
106337 | Zot:5    | Gained mutation: You expend magic power (3 MP) to
                  | strengthen your wands. [potion of mutation]
106337 | Zot:5    | Gained mutation: You can translocate small distances at
                  | will. [potion of mutation]
106338 | Zot:5    | Got the Orb of Zot
106504 | Depths:5 | Noticed Ymyet the pandemonium lord
106510 | Depths:5 | Killed Ymyet the pandemonium lord
106678 | D:10     | Noticed Zala the pandemonium lord
106766 | D:5      | Noticed Vydisk the pandemonium lord
106777 | D:5      | Killed Vydisk the pandemonium lord
106917 | D:$      | Escaped with the Orb!

Illustrated notes

Levels and vault maps discovered:
D:1:      mainiacjoe_arrival_reflecting_pool, layout_rooms, hangedman_decor_push
D:2:      layout_loops_ring, yredelemnul_altar_generic,
          nemelex_dance_club_becter
D:3:      layout_basic, overflow_temple_1_default, grunt_ministairs_2,
          minmay_vboxes
D:4:      kennysheep_six_static_rooms, layout_basic, minivault_4
D:5:      minmay_thinvault, layout_loops_corners, old_standard_altar,
          kennysheep_little_box, basic_altar, uniq_ijyb
D:6:      layout_basic, nzn_overflow_gifts_of_might_and_magic
D:7:      layout_gridville, grunt_gozag_breadcrumbs, minmay_temple_entry_fiery,
          minmay_between
D:8:      layout_gridville, grunt_dithmenos_smoke_and_mirrors,
          lemuel_doored_altar, lemuel_mausoleum_altar_kikubaaqudgha,
          serial_shops, shop_fountains, uniq_maggie
D:9:      layout_grid_maze, orc_0_dummy, uniq_maurice
D:10:     layout_irregular_city
D:11:     layout_long_grid, lair_entry_dummy
D:12:     layout_basic, patterned_corridor
D:13:     layout_roguey, david_vaults_4, nicolae_trove_entry_crystal,
          serial_shops, nicolae_shop_statue_plus, minmay_fire_ice_demons
D:14:     layout_cave_pods, uniq_jorgrun, uniq_snorg
D:15:     grunt_enter_depths_snipers, layout_long_grid, serial_shops, shop,
          minmay_crystal_water, uniq_rupert
Temple:   hc_temple_tempest_star
Lair:1:   layout_roguey, uniq_urug
Lair:2:   layout_gridlike, nicolae_spider_entry_tight_spaces,
          portal_ice_cave_rime, infiniplex_staircase_pool_2, grunt_megastairs_5,
          serial_bayou_shore_b
Lair:3:   pond_and_an_island_with_a_cottage, layout_layer_cave,
          minmay_shoals_entry_hut, disabler_island
Lair:4:   layout_cave_shapes, gammafunk_ghost_cemetery, uniq_sonja
Lair:5:   layout_small_grid, lemuel_fruit_fields, lemuel_fruit_tree,
          minmay_lair_oklob_chamber
Lair:6:   minmay_lair_end_frog_pond, layout_gridlike, slime_altar_1,
          serial_bayou_lagoon_b
Shoals:1: layout_shoals, st_cyclops
Shoals:2: layout_shoals
Shoals:3: nicolae_shoals_island_circles, layout_shoals,
          nicolae_shoals_kraken_party
Shoals:4: shoals_end_hangedman, layout_shoals, shoals_ilsuiw_ice,
          nicolae_shoals_arrival_archipelago
Spider:1: layout_spider_delve, uniq_nikola, uniq_asterion
Spider:2: layout_spider_delve, drop_trap, nicolae_looking_at_the_future,
          uniq_arachne, uniq_frances, uniq_donald
Spider:3: nicolae_spider_mines_2, nzn_ghost_randoct, nicolae_orb_stairs
Spider:4: spider_rune_water, uniq_kirke
Slime:1:  layout_caves, amcnicky_altar_lugonu_corruption
Slime:2:  layout_caves
Slime:3:  cheibrodos_slime_lost_civilization_3, layout_caves, basic_altar
Slime:4:  layout_caves
Slime:5
Orc:1:    emtedronai_trogs_sanctum, layout_diamond_mine, basic_altar,
          elf_legates
Orc:2:    st_orc_town, layout_caves
Elf:1:    elf_arrival_001, layout_geoelf_octagon, special_room
          [special_room_orc], orc_legates, uniq_azrael
Elf:2:    layout_geoelf_grid, basic_altar, serial_shops,
          nicolae_shop_temple_entry_statues_fountains
Elf:3:    grunt_elf_hall_asides, layout_loops_ring
Vaults:1: biasface_vaults_ghost_orc_armoury, nicolae_vaults_network_barrier,
          ontoclasm_vaults_shuriken, v_pattern_2, v_misc_13, v_misc_1,
          v_rooms_2, vaults_room_stairs_pillars, layout_vaults_omnigrid,
          portal_desolation_entry_twin_temple
Vaults:2: ontoclasm_vaults_chip, v_misc_15, grunt_vaults_twisty,
          ontoclasm_vaults_shout, minmay_crypt_entry_vampire_xt, v_misc_13,
          v_alt_pattern_4, layout_vaults_maze, serial_shops,
          nicolae_shop_waterfront, uniq_saint_roka
Vaults:3: dpeg_vaults_monster_box, v_rooms_5, vaults_mumra_hexcomb, v_misc_8,
          grunt_vaults_hallway_long, hangedman_vaults_impose,
          hangedman_vaults_stream, v_misc_18, st_lattice,
          ontoclasm_vaults_ligature, v_pattern_1, ontoclasm_vaults_bender,
          grunt_vaults_focal, vaults_room_grid, layout_vaults_ring
Vaults:4: hangedman_vaults_nails, vaults_mumra_lcd,
          nicolae_vaults_branching_niches, v_misc_14, vaults_mumra_hex,
          nicolae_vaults_little_squares_6, vaults_room_large_hall,
          nicolae_vaults_little_squares_1, ontoclasm_vaults_spin, v_misc_14,
          v_misc_16, nicolae_vaults_little_squares_6, hangedman_vaults_snaps,
          layout_vaults_big_cross, uniq_mara
Vaults:5: serial_shops, uniq_mennas
Crypt:1:  layout_rooms, grunt_crypt_arrival_guarded_gate
Crypt:2:  layout_gridlike
Crypt:3:  evilmike_haunted_forest
Tomb:1
Tomb:2
Tomb:3:   uniq_frederick
Depths:1: layout_gridlike, serial_co_window_serial, co_window_of_opportunity_a,
          co_window_paths_b, co_window_paths_b, co_window_corner_a,
          co_window_of_opportunity_a, co_window_of_opportunity_a,
          co_window_paths_a, co_window_paths_a, co_window_corner_a,
          co_window_corner_b, co_window_unsneaky_path_a,
          co_window_unsneaky_path_d, co_window_paths_e, co_window_4corner_b,
          glass_columns_a, glass_columns_c, glass_columns_a, glass_columns_a,
          glass_columns_a, abyss_entry_glasseish, amcnicky_mini_pool_small,
          hell_entry, kennysheep_nub, uniq_bai_suzhen
Depths:2: minmay_octagon_keep, layout_basic, enter_ziggurat_e,
          chequers_decorated_corner, hellmouth_2, minmay_shop_grove,
          minmay_staircase_bubble
Depths:3: minmay_the_grid_square_5x5_4x4_mashed
          [minmay_the_grid_square_5x5_tetrominoes,
          minmay_the_grid_square_5x5_broken_cross,
          minmay_the_grid_square_5x5_inset, minmay_the_grid_square_5x5_v,
          minmay_the_grid_square_5x5_two_walls_a,
          minmay_the_grid_square_5x5_prize_gold,
          minmay_the_grid_square_5x5_prize_monsterx,
          minmay_the_grid_square_5x5_three_walls,
          minmay_the_grid_square_5x5_shrine2,
          minmay_the_grid_square_5x5_prize_junk,
          minmay_the_grid_square_5x5_prize_rear_guard,
          minmay_the_grid_square_5x5_inner_i,
          minmay_the_grid_square_5x5_shrine1,
          minmay_the_grid_square_5x5_trominoes,
          minmay_the_grid_square_5x5_tri_point,
          minmay_the_grid_square_5x5_inner_z], layout_honeycomb,
          grunt_pan_entry_zigzag, hangedman_tar_grid_catacomb, minivault_14
Depths:4: lemuel_river_lethe, abyss_entry, pan_entry, hell_entry,
          uniq_enchantress
Depths:5: grunt_x_marks_the_spot, layout_basic, hell_entry,
          chequers_serial_rivers_small_a, serial_shops, shop
Hell
Dis:1:    layout_jigsaw
Dis:2:    layout_regular_city
Dis:3:    layout_gridville, nrook_loot_triangle, grunt_megastairs_2
Dis:4:    layout_subdivisions, hangedman_dis_chains
Dis:5:    kennysheep_iron_temple, layout_subdivisions, hangedman_dis_decor_tower
Dis:6:    layout_jigsaw
Dis:7:    iron_city_of_dis [dis_old, dis_wall_8], layout_chaotic_city
Geh:1:    layout_gehenna_lava_caves, nicolae_geh_sunburst,
          nicolae_geh_fiery_graves [nicolae_geh_single_fiery_grave,
          nicolae_geh_single_fiery_grave, nicolae_geh_single_fiery_grave,
          nicolae_geh_single_fiery_grave, nicolae_geh_single_fiery_grave,
          nicolae_geh_single_fiery_grave, nicolae_geh_single_fiery_grave,
          nicolae_geh_single_fiery_grave, nicolae_geh_single_fiery_grave]
Geh:2:    layout_gehenna_lava_caves
Geh:3:    layout_gehenna_pools_box
Geh:4:    layout_gehenna_pools_box, nicolae_geh_single_fiery_grave
Geh:5:    layout_gehenna_pools_box
Geh:6:    layout_gehenna_pools_basic
Geh:7:    geh_old
Coc:1:    layout_cocytus_water_paths
Coc:2:    layout_cocytus_delve, grunt_cocytus_stairs_refrigerator
Coc:4:    layout_cocytus_delve, nicolae_coc_three_mouths
Coc:6:    layout_cocytus_water_paths
Coc:7:    coc_mu
Tar:1:    layout_honeycomb
Tar:2:    layout_grid_maze, hangedman_tartarus_temple_path,
          nicolae_tar_cuneiform_oil
Tar:3:    layout_honeycomb
Tar:4:    layout_cathedral_of_symmetry
Tar:5:    layout_cathedral_of_symmetry
Tar:6:    layout_grid_maze
Tar:7:    tar_grunt_cathedral
Zot:1:    layout_concentric_octagons, gammafunk_ghost_wrathful_warriors,
          st_stairs_3
Zot:2:    layout_onion, ebering_ghost_gozag, grunt_ministairs_10,
          st_grand_hoard_of_tiamat, grunt_megastairs_3
Zot:3:    kennysheep_ambush_hall, layout_basic, st_stairs_9,
          hangedman_player_shredder
Zot:4:    grunt_twist_and_shout, layout_onion_interference, st_stairs_12,
          st_small_dragon_hoard_1
Zot:5:    layout_cathedral_of_symmetry

Skill      XL: |  1  2  3  4  5  6  7  8  9 10 11 12 13 14 15 16 17 18 19 20 21 22 23 24 25 26 27 |
---------------+----------------------------------------------------------------------------------+-----
Long Blades    | 3 4 5 6 7 8 9 10 11 12 14 15 17 18 19 20 21 22 27 | 27.0
Fighting       | 4 5 7 8 9 11 12 14 15 17 18 19 20 21 22 27 | 27.0
Armour         | 1 3 5 6 8 9 10 12 15 16 17 18 19 20 22 27 | 27.0
Shields        | 1 3 4 8 9 10 12 13 15 23 | 23.5
Invocations    | 1 3 4 8 9 10 11 13 27 | 27.0
Throwing       | 1 6 9 11 12 13 14 16 27 | 27.0
Dodging        | 4 5 9 12 14 15 16 23 | 23.5
Evocations     | 1 6 13 14 15 17 18 21 | 21.0
Stealth        | |  4.5

Action                   |  1- 3 |  4- 6 |  7- 9 | 10-12 | 13-15 | 16-18 | 19-21 | 22-24 | 25-27 || total
-------------------------+-------+-------+-------+-------+-------+-------+-------+-------+-------++-------
Melee: Falchion          |    88 |   391 |   459 |       |       |       |       |       |       ||   938
       Unarmed           |       |       |    16 |       |       |       |       |       |       ||    16
       Long sword        |       |       |   106 |   633 |  1322 |       |       |       |       ||  2061
       Demon blade       |       |       |       |       |   167 |  1993 |  2068 |  1699 |  3414 ||  9341
       Double sword      |       |       |       |       |       |       |     5 |    32 |  4708 ||  4745
Throw: Dart              |       |       |       |    12 |    12 |    28 |     1 |       |       ||    53
       Javelin           |       |       |       |    17 |    55 |    40 |    32 |     5 |   255 ||   404
       Boomerang         |       |       |       |       |   110 |    64 |       |       |       ||   174
Invok: Heroism           |       |       |       |     7 |    15 |    15 |     3 |     3 |     8 ||    51
       Finesse           |       |       |       |     3 |     3 |     7 |     2 |     3 |     6 ||    24
       Cleansing Flame   |       |       |       |       |       |       |       |       |   124 ||   124
       Summon Divine War |       |       |       |       |       |       |       |       |    15 ||    15
       Divine Shield     |       |       |       |       |       |       |       |       |    14 ||    14
       Brand Weapon With |       |       |       |       |       |       |       |       |     1 ||     1
 Abil: Hop               |     1 |     2 |       |     1 |     2 |     2 |       |     1 |    14 ||    23
Evoke: Wand              |       |       |     5 |     4 |    18 |     5 |     1 |     1 |    12 ||    46
       Phantom mirror    |       |       |       |       |       |     2 |       |       |       ||     2
       Condenser vane    |       |       |       |       |       |     2 |     7 |     8 |     8 ||    25
       Box of beasts     |       |       |       |       |       |     1 |       |       |       ||     1
       Tin of tremorston |       |       |       |       |       |       |       |     1 |    18 ||    19
       Lightning rod     |       |       |       |       |       |       |       |       |     2 ||     2
  Use: Potion            |     1 |     2 |     1 |     1 |     1 |       |     2 |     4 |    17 ||    29
       Scroll            |       |    10 |     8 |     5 |     6 |     5 |     9 |     1 |    89 ||   133
 Stab: Sleeping          |     1 |    10 |    17 |     9 |    11 |       |     5 |       |       ||    53
       Distracted        |       |       |     2 |     1 |     2 |       |       |       |       ||     5
       Petrified         |       |       |       |       |     7 |       |       |       |       ||     7
       Petrifying        |       |       |       |       |     1 |       |       |       |       ||     1
       Confused          |       |       |       |       |       |       |       |       |     1 ||     1
Armor: Leather armour    |    16 |    48 |       |       |       |       |       |       |       ||    64
       Skin              |       |     7 |       |       |       |       |       |       |       ||     7
       Ring mail         |       |    43 |   144 |   162 |   401 |       |    36 |       |       ||   786
       Steam dragon scal |       |       |     4 |    46 |       |       |       |       |       ||    50
       Chain mail        |       |       |       |       |    35 |  1267 |   340 |       |       ||  1642
       Plate armour      |       |       |       |       |       |       |   388 |   699 |   800 ||  1887
       Gold dragon scale |       |       |       |       |       |       |       |       |  2286 ||  2286
Dodge: Dodged            |    71 |   157 |   177 |   258 |   426 |   821 |   774 |   668 |  3743 ||  7095
Block: Kite shield       |       |    56 |   208 |   309 |   640 |  1166 |  1065 |   909 |  5964 || 10317
       Rpst.: Falchion   |    30 |    47 |    36 |       |       |       |       |       |       ||   113
       Long sword        |       |       |    20 |    83 |   111 |       |       |       |       ||   214
       Demon blade       |       |       |       |       |     6 |   172 |   186 |   115 |   259 ||   738
       Double sword      |       |       |       |       |       |       |       |     4 |   445 ||   449
